 Dungeon Crawl Stone Soup version 0.28-a0-1227-ga9037bb4c8 (webtiles) character file.

Game seed: 14227422442582133121

2629 ragingrage the Fighter (level 9, -1/96 HPs)
             Began as an Ogre Fire Elementalist on Dec 23, 2021.
             Was a Follower of Vehumet.
             Slain by a water moccasin (6 damage)
             ... on level 10 of the Dungeon.
             The game lasted 00:06:39 (9982 turns).

ragingrage the Fighter (Ogre Fire Elementalist)     Turns: 9982, Time: 00:06:40

Health: -1/96      AC:  4    Str: 14    XL:     9   Next: 61%
Magic:  3/20       EV:  9    Int: 24    God:    Vehumet [*.....]
Gold:   247        SH:  0    Dex:  9    Spells: 11/22 levels left

rFire   . . .      SeeInvis .   m - +8 hand axe of Theory {venom, Int+2}
rCold   . . .      Faith    .   (no shield)
rNeg    + . .      Spirit   .   a - +0 robe
rPois   .          Reflect  .   (helmet restricted)
rElec   .          Harm     .   n - scarf {repulsion}
rCorr   .          Rampage  .   (gloves unavailable)
Will    .....                   (boots unavailable)
Stlth   +.........              (no amulet)
HPRegen 0.26/turn               i - ring of positive energy
MPRegen 0.17/turn               (no ring)

@: lethally poisoned (-1 -> -17), flying, repel missiles
A: large, unfitting armour, tough skin 1, hooves 1, clever 1, shaggy fur 1
a: Renounce Religion


You were on level 10 of the Dungeon.
You worshipped Vehumet.
Vehumet was aware of your devotion.
You visited 2 branches of the dungeon, and saw 11 of its levels.

You collected 247 gold pieces.

Inventory:

Hand Weapons
 m - the +8 hand axe of Theory (weapon) {venom, Int+2}
   (You found it on level 6 of the Dungeon)

   It poisons the flesh of those it strikes.
   Int:       It affects your intelligence (+2).
Armour
 a - a +0 robe (worn)
 n - a scarf of repulsion (worn)
Jewellery
 i - a ring of positive energy (left hand)
Wands
 k - a wand of acid (15)
 q - a wand of iceblast (5)
Scrolls
 b - 5 scrolls of teleportation {unknown}
 e - 4 scrolls of identify {unknown}
 f - 3 scrolls of immolation {unknown}
 g - 2 scrolls of fog {unknown}
 h - 3 scrolls of magic mapping {unknown}
 j - 2 scrolls of fear {unknown}
 l - 2 scrolls of enchant armour {unknown}
 o - a scroll of vulnerability {unknown}
 p - a scroll of noise {unknown}
 r - a scroll of summoning {unknown}
Potions
 s - a potion of mutation


   Skills:
 + Level 8.2 Fighting
 - Level 1.7 Dodging
 - Level 1.4 Stealth
 + Level 7.4 Spellcasting
 + Level 5.8 Conjurations
 + Level 6.4 Fire Magic


You had 11 spell levels left.
You knew the following spells:

 Your Spells              Type           Power      Damage    Failure   Level
a - Foxfire               Conj/Fire      100%       2x1d9     1%          1
b - Scorch                Fire           78%        2d8       1%          2
c - Conjure Flame         Conj/Fire      38%        6-21      1%          3
d - Fireball              Conj/Fire      19%        3d9       16%         5

Your spell library contained the following spells:

 Spells                   Type           Power      Damage    Failure   Level
 Freeze                   Ice            32%        1d5       7%          1
 Inner Flame              Hex/Fire       24%        N/A       5%          3
 Flame Wave               Conj/Fire      38%        2d7       5%          4
 Iskenderun's Battlesphe  Conj           36%        2d9       17%         5
 Call Canine Familiar     Summ           8%         N/A       21%         3
 Portal Projectile        Hex/Tloc       16%        N/A       21%         3
 Leda's Liquefaction      Hex/Erth       4%         N/A       56%         4
 Conjure Ball Lightning   Conj/Air       11%        3x3d6     97%         6
 Orb of Destruction       Conj           18%        9d8       99%         7


Dungeon Overview and Level Annotations

Branches:
Dungeon (11/15)            Temple (1/1) D:5
   Lair: D:8-11         Orc: D:9-12

Altars:
Ashenzari
Cheibriados
Dithmenos
Elyvilon
Fedhas
Gozag
Hepliaklqana
Kikubaaqudgha
Makhleb
Nemelex Xobeh
Okawaru
Qazlal
Ru
Sif Muna
Trog
Uskayaw
Vehumet
Wu Jian
Yredelemnul
Zin
The Shining One


Innate Abilities, Weirdness & Mutations

You are too large for most types of armour.
You have tough skin. (AC +1)
You have large cloven feet.
Your mind is acute. (Int +2)
You are covered in fur. (AC +1)


Message History

You are poisoned.
The water moccasin poisons you! The water moccasin closely misses you.
The kobold demonologist begins to cast a cantrip, but forgets the words!
Unknown command.
It was a potion of mutation.
You feel extremely strange.
Your feet thicken and deform.
You feel clever. Fur sprouts all over your body.
You feel very sick. The water moccasin bites you.
* * * LOW HITPOINT WARNING * * *
You are lethally poisoned!
The water moccasin poisons you!
You feel better. The water moccasin bites you.
* * * LOW HITPOINT WARNING * * *
The water moccasin bites you!
* * * LOW HITPOINT WARNING * * *
The kobold demonologist hits you with a +0 dagger.
* * * LOW HITPOINT WARNING * * *
You miss the water moccasin. Your kick misses the water moccasin.
The water moccasin is heavily wounded.
You hit the kobold demonologist.
The kobold demonologist is poisoned.
The kobold demonologist is no longer more vulnerable to fire.
The water moccasin bites you.
* * * LOW HITPOINT WARNING * * *
The kobold demonologist barely misses you.
You feel better. The water moccasin bites you.
* * * LOW HITPOINT WARNING * * *
The water moccasin bites you.
* * * LOW HITPOINT WARNING * * *
The kobold demonologist closely misses you.
You completely miss the water moccasin.
The water moccasin is heavily wounded.
You closely miss the kobold demonologist.
The water moccasin bites you.
* * * LOW HITPOINT WARNING * * *
You are lethally poisoned!
The water moccasin poisons you!
The kobold demonologist hits you with a +0 dagger.
* * * LOW HITPOINT WARNING * * *
The water moccasin bites you.
You die...

. . .# . .# .
.# # .# .# .#
############.#
....)5K@S.<..#
###########..#
#######..#
.........#
.........#
#######..#
#..#
#######..#
.........#


You could see a kobold demonologist (very poisoned), a water moccasin and a
quasit (summoned).

Vanquished Creatures
  Eustachio (D:5)
  A basilisk (D:11)
  2 yaks
  A steam dragon (D:9)
  Menkaure (D:5)
  A water moccasin (D:6)
  3 orc warriors
  A black bear (D:6)
  An ogre (D:4)
  A centaur (D:7)
  A phantom (D:4)
  A bullfrog (D:6)
  3 scorpions
  A water moccasin skeleton (D:6)
  A bullfrog zombie (D:7)
  A centaur zombie (D:5)
  2 hounds (D:4)
  2 jellies
  A bullfrog skeleton (D:4)
  3 orc priests
  A centaur skeleton (D:7)
  3 iguanas (D:4)
  Ijyb (D:5)
  6 orc wizards
  A hound skeleton (D:4)
  A howler monkey skeleton (D:6)
  A gnoll (D:2)
  9 adders
  A shadow imp (D:5)
  An ufetubus (D:6)
  2 worms
  17 orcs
  11 ball pythons
  2 bats
  12 endoplasms
  A giant cockroach (D:2)
  11 hobgoblins
  8 jackals
  6 quokkas
  7 frilled lizards
  6 goblins
  5 kobolds
  10 rats
152 creatures vanquished.

Vanquished Creatures (collateral kills)
  4 foxfires (D:2)
4 creatures vanquished.

Vanquished Creatures (others)
  485 foxfires
  26 fungi (D:9)
  28 plants (D:9)
539 creatures vanquished.

Grand Total: 695 creatures vanquished

Notes
Turn   | Place    | Note
-------+----------+-------------------------------------------
     0 | D:1      | ragingrage the Ogre Fire Elementalist began the quest for
                  | the Orb.
     0 | D:1      | Reached XP level 1. HP: 16/16 MP: 3/3
    51 | D:1      | Reached skill level 1 in Conjurations
   411 | D:1      | Reached XP level 2. HP: 26/26 MP: 2/5
   413 | D:1      | Reached skill level 1 in Fighting
   726 | D:1      | Reached XP level 3. HP: 30/33 MP: 1/7
  1283 | D:2      | Reached skill level 2 in Fighting
  1580 | D:2      | Reached XP level 4. HP: 26/42 MP: 5/8
  2554 | D:3      | Found a broken altar of Ashenzari.
  2847 | D:3      | Learned a level 2 spell: Scorch
  2851 | D:3      | Learned a level 3 spell: Conjure Flame
  3247 | D:3      | Found a faded altar of an unknown god.
  3265 | D:3      | Reached XP level 5. HP: 43/48 MP: 10/10
  3990 | D:3      | Reached skill level 3 in Fighting
  4598 | D:4      | Noticed an ogre
  4604 | D:4      | Killed an ogre
  4605 | D:4      | Reached XP level 6. HP: 62/62 MP: 4/12
  4913 | D:4      | Reached skill level 4 in Fighting
  5050 | D:4      | Identified the +2 long sword of Calculation {vorpal, rPois
                  | rC- Will+}
  5550 | D:5      | Entered Level 5 of the Dungeon
  5554 | D:5      | Noticed Ijyb
  5560 | D:5      | Killed Ijyb
  5561 | D:5      | Reached XP level 7. HP: 69/71 MP: 0/13
  5880 | D:5      | Found a staircase to the Ecumenical Temple.
  5917 | Temple   | Entered the Ecumenical Temple
  6408 | Temple   | Became a worshipper of Vehumet
  6640 | D:5      | Reached skill level 5 in Fighting
  6640 | D:5      | Reached skill level 5 in Spellcasting
  6647 | D:5      | Noticed Eustachio
  6829 | D:5      | Killed Eustachio
  6979 | D:5      | Reached XP level 8. HP: 81/81 MP: 9/16
  7030 | D:5      | Learned a level 5 spell: Fireball
  7227 | D:5      | Noticed Menkaure
  7231 | D:5      | Killed Menkaure
  7232 | D:5      | Reached skill level 5 in Fire Magic
  7478 | D:6      | Reached skill level 6 in Fighting
  7586 | D:6      | Reached * piety under Vehumet
  7586 | D:6      | Offered knowledge of Freeze by Vehumet.
  7590 | D:6      | Identified the +8 hand axe of Theory {venom, Int+2}
  8633 | D:6      | Reached skill level 7 in Fighting
  8633 | D:6      | Reached skill level 5 in Conjurations
  8633 | D:6      | Reached XP level 9. HP: 62/93 MP: 11/18
  9414 | D:7      | You fall into a shaft and drop 3 floors!
  9414 | D:10     | Entered Level 10 of the Dungeon
  9896 | D:9      | Reached skill level 8 in Fighting
  9970 | D:10     | Noticed a kobold demonologist
  9978 | D:10     | Gained mutation: You have large cloven feet. [potion of
                  | mutation]
  9978 | D:10     | Gained mutation: Your mind is acute. (Int +2) [potion of
                  | mutation]
  9978 | D:10     | Gained mutation: You are covered in fur. (AC +1) [potion of
                  | mutation]
  9982 | D:10     | Slain by a water moccasin

Illustrated notes

Levels and vault maps discovered:
D:1:      co_arrival_square_in_a_square_in_a_square, layout_rooms,
          serial_bayou_pond_b
D:2:      minmay_chambers_of_ones, layout_basic, cheibrodos_gnoll_hut
D:3:      layout_basic, evilmike_ruin_ashenzari, basic_ecumenical_altar
D:4:      layout_loops_cross, ebering_dispersal_statue_hall
D:5:      layout_rooms, minmay_temple_entry_slanted,
          nicolae_concentric_dashed_squares_wild, uniq_ijyb, uniq_menkaure,
          uniq_eustachio
D:6:      layout_layer_cave, dk_noncrumbling_4, corexii_checkpoint_b,
          minivault_24
D:7:      minmay_evil_eye, layout_loops_corners
D:9:      layout_cave_pools, kennysheep_mini, due_lair_maze_entry_diamond
D:10:     layout_long_grid
D:11:     layout_roguey
Temple:   mainiacjoe_temple_big_plus

Skill      XL: |  1  2  3  4  5  6  7  8  9 |
---------------+----------------------------+-----
Conjurations   | 1 2 3 5 |  5.8
Fighting       | 1 2 3 4 5 7 8 |  8.2
Fire Magic     | 3 4 5 6 |  6.4
Spellcasting   | 3 4 5 6 7 |  7.4
Dodging        | |  1.7
Stealth        | |  1.4

Action                   |  1- 3 |  4- 6 |  7- 9 || total
-------------------------+-------+-------+-------++-------
Melee: Staff             |     9 |       |       ||     9
       Dagger            |    85 |    95 |    13 ||   193
       Hand axe          |       |       |    34 ||    34
 Cast: Foxfire           |    37 |   119 |   170 ||   326
       Scorch            |       |    12 |    31 ||    43
Evoke: Wand              |       |       |     1 ||     1
  Use: Potion            |       |       |     6 ||     6
       Scroll            |       |       |     1 ||     1
 Stab: Sleeping          |     2 |     3 |       ||     5
Armor: Robe              |    34 |    27 |    29 ||    90
Dodge: Dodged            |    51 |    47 |    56 ||   154

Table legend: (Time is in decaauts)
 A = Elapsed time spent in this place.
 B = Non-inter-level travel time spent in this place.
 C = Inter-level travel time spent in this place.
 D = Time resting spent in this place.
 E = Time spent auto-exploring this place.
 F = Levels seen in this place.
 G = Mean time per level.
                   A        B        C        D        E       F      G
               +--------+--------+--------+--------+--------+-----+--------+
         Total |   9995 |   9769 |    226 |   2003 |   6361 |  11 |  908.6 |
       Dungeon |   9481 |   9301 |    180 |   1916 |   5986 |  10 |  948.1 |
        Temple |    513 |    467 |     46 |     87 |    375 |   1 |  513.0 |
               +--------+--------+--------+--------+--------+-----+--------+

Top non-repeatable levels by time:
     D:3: 1716 daAuts
     D:6: 1647 daAuts
     D:4: 1596 daAuts
     D:2: 1436 daAuts
     D:1: 1107 daAuts
     D:5: 1045 daAuts
  Temple: 513 daAuts
     D:7: 359 daAuts
    D:10: 266 daAuts
    D:11: 191 daAuts
     D:9: 113 daAuts
